 Dungeon Crawl Stone Soup version 0.20-a0-1056-g7622305 (webtiles) character file.

38 Rrauwl the Shield-Bearer (level 3, 0/29 HPs)
             Began as a Formicid Fighter on Apr 26, 2017.
             Killed from afar by Natasha (3 damage)
             ... with a magic dart
             ... on level 2 of the Dungeon.
             The game lasted 00:03:46 (894 turns).

Rrauwl the Shield-Bearer (Formicid Fighter)          Turns: 894, Time: 00:03:48

Health: 0/29       AC:  8    Str: 26    XL:     3   Next: 65%
Magic:  3/3        EV:  8    Int:  7    God:
Gold:   66         SH: 10    Dex: 10    Spells: 2/2 levels left

rFire    . . .     SeeInvis +   a - +0 war axe
rCold    . . .     Gourm    .   c - +0 shield
rNeg     . . .     Faith    .   b - +0 scale mail
rPois    .         Spirit   .   (helmet unavailable)
rElec    .         Reflect  .   (no cloak)
rCorr    .         Harm     .   e - +0 pair of gloves
MR       .....                  (no boots)
Stlth    ..........             (no amulet)
Regen    0.1/turn               (no ring)
MPRegen  0.1/turn               (no ring)

@: mighty
A: permanent stasis, dig shafts and tunnels, four strong arms, antennae 3
a: Dig, Shaft Self


You were on level 2 of the Dungeon.
You were not hungry.

You visited 1 branch of the dungeon, and saw 2 of its levels.

You collected 66 gold pieces.

Inventory:

Hand Weapons
 a - a +0 war axe (weapon)
Missiles
 j - 2 javelins (quivered)
Armour
 b - a +0 scale mail (worn)
 c - a +0 shield (worn)
 e - a +0 pair of gloves (worn)
Scrolls
 k - a scroll of remove curse {unknown}
Potions
 g - a potion of berserk rage {unknown}
 i - a potion of brilliance {unknown}
Comestibles
 f - 2 bread rations
 h - a royal jelly
 l - 2 chunks of flesh


   Skills:
 + Level 3.5 Fighting
 + Level 2.6 Axes
 + Level 3.4 Armour
 + Level 1.0 Dodging
 - Level 4.0 Shields


You had 2 spell levels left.
You didn't know any spells.

Dungeon Overview and Level Annotations

Branches:
Dungeon (2/15)

Altars:

Annotations:
D:2 Natasha


Innate Abilities, Weirdness & Mutations

You cannot be hasted, slowed, berserked, paralysed or teleported.
You can dig through walls and to a lower floor.
Your four strong arms can wield two-handed weapons with a shield.
You have a pair of large antennae on your head. (SInv)


Message History

You miss Natasha. Natasha closely misses you.
You slash Natasha!
Natasha is heavily wounded.
Natasha claws you but does no damage. Natasha claws you.
You closely miss Natasha.
Natasha is heavily wounded.
You closely miss the iron imp. The iron imp hits you! Natasha claws you.
* * * LOW HITPOINT WARNING * * *
You feel very mighty all of a sudden.
Natasha growls.
Natasha claws you.
* * * LOW HITPOINT WARNING * * *
You block the iron imp's attack.
You hit Natasha.
Natasha is almost dead.
You barely miss the iron imp. You block Natasha's attack.
You block the iron imp's attack. Natasha casts a spell at you.
The magic dart hits you!
You die...

.# #####.#
...#.##### #.#.....#
##########.....#
#..........)...# #..
[#+##.........#....#
#..
..............#....#
#..
#.....h@.......(.###
..
#.....5........(.# #
#.....!..##....(.+ +
....##...##.....##
.## ...
............+ ... #.
#............####
.## .
+...............# .
#........##.....# .
..##...#.....# {#


You could see an iron imp and Natasha.

Vanquished Creatures
  An ooze (D:2)
  2 worms (D:2)
  A dart slug (D:2)
  A ball python (D:1)
  A giant cockroach (D:1)
  4 goblins
  4 hobgoblins (D:1)
  3 kobolds
  5 bats
  A frilled lizard (D:1)
  4 rats (D:1)
27 creatures vanquished.

Notes
Turn   | Place    | Note
-------+----------+-------------------------------------------
     0 | D:1      | Rrauwl the Formicid Fighter began the quest for the Orb.
     0 | D:1      | Reached XP level 1. HP: 18/18 MP: 1/1
    87 | D:1      | Reached XP level 2. HP: 18/24 MP: 2/2
   660 | D:2      | Reached XP level 3. HP: 26/29 MP: 3/3
   666 | D:2      | Reached skill level 4 in Shields
   870 | D:2      | Reached skill level 1 in Dodging
   884 | D:2      | Noticed Natasha
   894 | D:2      | Killed from afar by Natasha

Vault maps used:
D:1:      lemuel_arrival_river_bridge, serial_bayou_lake_a
D:2:      chequers_ecumenical_altar_simple, minmay_misc_feat_doors,
          minmay_pentomino_o4, uniq_natasha

Skill      XL: |  1  2  3 |
---------------+----------+-----
Shields        | 4 |  4.0
Dodging        | 1 |  1.0
Fighting       | |  3.5
Axes           | |  2.6
Armour         | |  3.4

Action                   || total
-------------------------++-------
Melee: War axe           ||    99
  Use: Potion            ||     1
Armor: Scale mail        ||    53
Dodge: Dodged            ||    43
Block: Shield            ||    61
